 Dungeon Crawl Stone Soup version 0.28-a0-821-g923ab73998 (webtiles) character file.

Game seed: 5058239474366495449

77 DungeonMaster the Cutter (level 4, -3/33 HPs)
             Began as a Demonspawn Wanderer on Nov 9, 2021.
             Killed by divine providence
             ... invoked by an orc priest
              (11 damage)
             ... on level 3 of the Dungeon.
             The game lasted 00:02:59 (2619 turns).

DungeonMaster the Cutter (Demonspawn Wanderer)      Turns: 2619, Time: 00:03:00

Health: -3/33      AC:  8    Str: 11    XL:     4   Next: 14%
Magic:  16/16      EV:  5    Int: 12    God:
Gold:   123        SH:  0    Dex: 16    Spells: 6/7 levels left

rFire   . . .      SeeInvis .   a - +4 trident
rCold   . . .      Faith    .   (no shield)
rNeg    . . .      Spirit   .   h - +0 chain mail
rPois   .          Reflect  .   (no helmet)
rElec   .          Harm     .   (no cloak)
rCorr   .          Rampage  .   (no gloves)
Will    .....                   (no boots)
Stlth   ..........              (no amulet)
HPRegen 0.11/turn               f - ring of magical power
MPRegen 0.15/turn               k - ring of wizardry

@: no status effects
A: spiny 2
a: no special abilities


You were on level 3 of the Dungeon.
You visited 1 branch of the dungeon, and saw 3 of its levels.

You collected 123 gold pieces.

Inventory:

Hand Weapons
 a - a +4 trident (weapon)
 s - a +2 short sword
 w - a +0 hunting sling
Missiles
 d - 26 arrows
 j - 92 stones
Armour
 h - a +0 chain mail (worn)
Jewellery
 f - a ring of magical power (left hand)
 k - a ring of wizardry (right hand)
Scrolls
 b - a scroll of teleportation
Potions
 c - a potion of might {unknown}
 e - a potion of haste {unknown}
 g - 2 potions of curing {unknown}
 i - a potion of ambrosia {unknown}
 l - a potion of flight {unknown}


   Skills:
 * Level 2.3 Fighting
 - Level 2.6 Short Blades
 * Level 1.0 Armour
 * Level 2.1 Dodging
 - Level 1.7 Stealth
 - Level 2.0 Spellcasting
 - Level 1.7 Transmutations
 - Level 1.0 Poison Magic


You had 6 spell levels left.
You knew the following spells:

 Your Spells              Type           Power      Damage    Failure   Level
a - Apportation           Tloc           2%         N/A       99%         1

Your spell library contained the following spells:

 Spells                   Type           Power      Damage    Failure   Level
 Lesser Beckoning         Tloc           1%         N/A       100%        3


Dungeon Overview and Level Annotations

Branches:
Dungeon (3/15)

Altars:
Xom

Annotations:
D:3 1 runed translucent door, enfeo's ghost, amateur SpEn


Innate Abilities, Weirdness & Mutations

You are mostly covered in sharp spines.


Message History

You puncture the orc!
You kill the orc!
Your Armour skill increases to level 1!
No target in view!
No target in view!
No target in view!
No target in view!
No target in view!
No target in view!
No target in view!
No target in view!
No target in view!
No target in view!
No target in view!
No target in view!
The orc priest shouts!
The orc shouts! x2
You see here a +0 club.
You start waiting.
An orc is nearby!
The orc priest calls down the wrath of Beogh upon you.
Pain shoots through your body! The orc hits you but does no damage.
You hit the orc priest.
The orc priest is lightly wounded.
The orc priest invokes the aid of Beogh against you.
Beogh smites you! The orc is struck by your spines.
You kill the orc!
The orc hits you with a +0 dagger.
* * * LOW HITPOINT WARNING * * *
You puncture the orc priest!
The orc priest is heavily wounded.
The orc priest hits you but does no damage.
The orc hits you but does no damage.
The orc priest is struck by your spines.
The orc priest closely misses you.
You barely miss the orc priest.
The orc priest is severely wounded.
The orc is struck by your spines. The orc barely misses you.
The orc priest mumbles some strange prayers to Beogh against you.
Beogh smites you!
You die...

. #########
..#.......##############
........................
..#.......##############
............)...........
#####.o.)..).....#..##.
#.@#########....##.
#.)o...... ##...##.
#...8...8. #...##.
#......... #...###
#......... #...# #
#......... $#...# #
##..8...8..##.[.###
#........ ##......
#########...####


You could see an orc priest and an orc.

Vanquished Creatures
  2 adders (D:3)
  3 dart slugs
  6 orcs (D:3)
  3 endoplasms (D:1)
  2 giant cockroaches (D:2)
  2 hobgoblins (D:1)
  2 jackals (D:3)
  2 quokkas
  5 ball pythons
  4 bats
  2 frilled lizards (D:1)
  6 goblins
  3 kobolds (D:1)
  4 rats
  A spectral goblin (D:1)
47 creatures vanquished.

Notes
Turn   | Place    | Note
-------+----------+-------------------------------------------
     0 | D:1      | DungeonMaster the Demonspawn Wanderer began the quest for
                  | the Orb.
     0 | D:1      | DungeonMaster set off with the following items: a +2 short
                  | sword, a scroll of teleportation, a +0 robe, a +0 dagger;
                  | and the following spell memorised: Apportation; and the
                  | following spells available to memorise: Lesser Beckoning
     0 | D:1      | Reached XP level 1. HP: 13/13 MP: 3/3
    32 | D:1      | Found a faded altar of an unknown god.
   465 | D:1      | Reached skill level 1 in Fighting
   479 | D:1      | Reached skill level 1 in Dodging
   479 | D:1      | Gained mutation: You are partially covered in sharp spines.
                  | [demonic ancestry]
   479 | D:1      | Reached XP level 2. HP: 17/21 MP: 5/5
  1208 | D:1      | Reached XP level 3. HP: 23/27 MP: 6/6
  1888 | D:2      | Found a shimmering altar of Xom.
  2076 | D:3      | Found a runed translucent door.
  2076 | D:3      | Noticed enfeo's ghost (amateur SpEn)
  2195 | D:3      | Gained mutation: You are mostly covered in sharp spines.
                  | [demonic ancestry]
  2195 | D:3      | Reached XP level 4. HP: 5/33 MP: 7/7
  2563 | D:3      | Reached skill level 1 in Armour
  2619 | D:3      | Killed from afar by an orc priest

Illustrated notes

Levels and vault maps discovered:
D:1:      dpeg_arrival_windows_large_door, layout_loops_ring,
          dreamdust_ecumenical_altar_drowned_temple
D:2:      layout_loops_ring, basic_altar, minmay_tiny_reverse_x
D:3:      cheibrodos_pilgrimage, layout_basic, hellmonk_ghost_happy_afterlife

Skill      XL: |  1  2  3  4 |
---------------+-------------+-----
Fighting       | 1 2 |  2.3
Dodging        | 1 2 |  2.1
Armour         | 1 |  1.0
Short Blades   | |  2.6
Stealth        | |  1.7
Spellcasting   | |  2.0
Transmutations | |  1.7
Poison Magic   | |  1.0

Action                   |  1- 3 |  4- 6 || total
-------------------------+-------+-------++-------
Melee: Short sword       |   100 |       ||   100
       Trident           |       |     4 ||     4
  Use: Scroll            |     2 |       ||     2
 Stab: Sleeping          |     3 |       ||     3
Armor: Robe              |    10 |       ||    10
       Chain mail        |    24 |     3 ||    27
Dodge: Dodged            |    39 |     2 ||    41

Table legend: (Time is in decaauts)
 A = Elapsed time spent in this place.
 B = Non-inter-level travel time spent in this place.
 C = Inter-level travel time spent in this place.
 D = Time resting spent in this place.
 E = Time spent auto-exploring this place.
 F = Levels seen in this place.
 G = Mean time per level.
                   A        B        C        D        E       F      G
               +--------+--------+--------+--------+--------+-----+--------+
         Total |   2625 |   2536 |     89 |    675 |   1578 |   3 |  875.0 |
       Dungeon |   2625 |   2536 |     89 |    675 |   1578 |   3 |  875.0 |
               +--------+--------+--------+--------+--------+-----+--------+

Top non-repeatable levels by time:
     D:1: 1428 daAuts
     D:3: 605 daAuts
     D:2: 591 daAuts
